 Dungeon Crawl Stone Soup version 0.28-a0-687-gb91baff9cc (webtiles) character file.

Game seed: 12518507440254222635

14 lawman0 the Chucker (level 2, -5/29 HPs)
             Began as an Ogre Hunter on Oct 19, 2021.
             Succumbed to a kobold's poison
             ... on level 1 of the Dungeon.
             The game lasted 00:00:52 (657 turns).

lawman0 the Chucker (Ogre Hunter)                    Turns: 657, Time: 00:00:52

Health: -5/29      AC:  3    Str: 15    XL:     2   Next: 41%
Magic:  2/2        EV:  9    Int: 12    God:
Gold:   0          SH:  0    Dex:  9    Spells: 1/1 levels left

rFire   . . .      SeeInvis .   a - +0 short sword
rCold   . . .      Faith    .   (no shield)
rNeg    . . .      Spirit   .   b - +0 robe
rPois   .          Reflect  .   (helmet restricted)
rElec   .          Harm     .   (no cloak)
rCorr   .          Rampage  .   (gloves unavailable)
Will    .....                   (boots unavailable)
Stlth   +.........              (no amulet)
HPRegen 0.09/turn               (no ring)
MPRegen 0.08/turn               (no ring)

@: lethally poisoned (-5 -> -34)
A: large, unfitting armour, tough skin 1
a: no special abilities


You were on level 1 of the Dungeon.
You visited 1 branch of the dungeon, and saw 1 of its levels.

Inventory:

Hand Weapons
 a - a +0 short sword (weapon)
Missiles
 d - 2 large rocks (quivered)
 g - a throwing net
Armour
 b - a +0 robe (worn)
Scrolls
 e - a scroll of fog {unknown}
 f - a scroll of acquirement {unknown}
 i - a scroll of summoning {unknown}
Potions
 c - 2 potions of mutation {unknown}
 h - a potion of brilliance {unknown}


   Skills:
 + Level 2.6 Fighting
 * Level 4.5 Throwing
 + Level 1.9 Dodging
 + Level 0.6 Stealth


You had one spell level left.
You didn't know any spells.
Your spell library was empty.

Dungeon Overview and Level Annotations

Branches:
Dungeon (1/15)

Altars:


Innate Abilities, Weirdness & Mutations

You are too large for most types of armour.
You have tough skin. (AC +1)


Message History

A kobold comes into view.
It is wielding a +1 short sword of venom.
The kobold shouts!
A kobold is nearby!
The kobold hits you with a +1 short sword of venom.
You are poisoned.
A kobold is nearby!
You hit the kobold but do no damage.
You feel very sick.
The kobold hits you with a +1 short sword of venom.
You are more poisoned.
You hit the kobold.
The kobold is heavily wounded.
You feel very sick. The kobold hits you but does no damage.
A kobold is nearby!
You hit the kobold but do no damage.
The kobold is heavily wounded.
You feel very sick. The kobold barely misses you.
You are too injured to fight recklessly!
You are too injured to fight recklessly!
A kobold is nearby!
Throw: 4 large rocks
Press: ? - help, Q - select action, (/) - cycle Shift-Dir - straight line, f - kobold
Aim: a kobold, wielding a +1 short sword of venom and quivering stones (heavily wounded, 50% to hit)
You throw a large rock. The large rock misses the kobold.
* * * LOW HITPOINT WARNING * * *
You feel very sick.
The kobold hits you with a +1 short sword of venom.
* * * LOW HITPOINT WARNING * * *
You are more poisoned.
The kobold hits you with a +1 short sword of venom.
* * * LOW HITPOINT WARNING * * *
You are more poisoned.
Throw: 3 large rocks
Press: ? - help, Q - select action, (/) - cycle Shift-Dir - straight line, f/p - kobold
Aim: a kobold, wielding a +1 short sword of venom and quivering stones (heavily wounded, 50% to hit)
You throw a large rock. The large rock hits the kobold!
You kill the kobold!
You die...

..###.##.#####.######
....>.##.# #.......#
..#......# #..####.#
..##.....# #..####.#
..##.....# #....##.#
.........# #.##.##.#
.###.....# #.......#
.# #.....# ####.####
.. ####### #@# .# #)#
#.# . #.# . #.# #.#
#.# .(#


There were no monsters in sight!

Vanquished Creatures
  An endoplasm (D:1)
  A giant cockroach (D:1)
  2 goblins (D:1)
  2 hobgoblins (D:1)
  A quokka (D:1)
  A frilled lizard (D:1)
  4 kobolds (D:1)
  2 rats (D:1)
14 creatures vanquished.

Notes
Turn   | Place    | Note
-------+----------+-------------------------------------------
     0 | D:1      | lawman0 the Ogre Hunter began the quest for the Orb.
     0 | D:1      | Reached XP level 1. HP: 22/22 MP: 1/1
   345 | D:1      | Reached XP level 2. HP: 29/29 MP: 2/2
   657 | D:1      | Succumbed to a kobold's poison

Illustrated notes

Levels and vault maps discovered:
D:1:      dpeg_arrival_prison, layout_loops_cross

Action                   || total
-------------------------++-------
Melee: Short sword       ||    37
Throw: Large rock        ||    13
       Throwing net      ||     2
Armor: Robe              ||    13
Dodge: Dodged            ||    25

Table legend: (Time is in decaauts)
 A = Elapsed time spent in this place.
 B = Non-inter-level travel time spent in this place.
 C = Inter-level travel time spent in this place.
 D = Time resting spent in this place.
 E = Time spent auto-exploring this place.
 F = Levels seen in this place.
 G = Mean time per level.
                   A        B        C        D        E       F      G
               +--------+--------+--------+--------+--------+-----+--------+
         Total |    669 |    669 |      0 |    412 |    133 |   1 |  669.0 |
       Dungeon |    669 |    669 |      0 |    412 |    133 |   1 |  669.0 |
               +--------+--------+--------+--------+--------+-----+--------+

Top non-repeatable levels by time:
     D:1: 669 daAuts
